 Dungeon Crawl Stone Soup version 0.19.1 (webtiles) character file.

77 Gargoyl the Skirmisher (level 4, -5/40 HPs)
             Began as a Ghoul Abyssal Knight on Dec 17, 2016.
             Was a Follower of Lugonu.
             Slain by Natasha (7 damage)
             ... on level 2 of the Dungeon.
             The game lasted 00:04:50 (1464 turns).

Gargoyl the Skirmisher (Ghoul Abyssal Knight)       Turns: 1464, Time: 00:04:51

Health: -5/40      AC:  3    Str: 13 (15) XL:     4   Next: 33%
Magic:  4/4        EV: 11    Int: 11 (12) God:    Lugonu [*.....]
Gold:   82         SH:  0    Dex:  8 (9)  Spells: 0 memorised, 3 levels left

rFire  + . .     SeeInvis .     a - +1 hand axe
rCold  + . .     Gourm    .     b - +0 leather armour
rNeg   + + +     Faith    .     (no shield)
rPois  ∞         Spirit   .     (no helmet)
rElec  .         Reflect  .     (no cloak)
rCorr  .         Harm     .     (no gloves)
MR     .....                    (no boots)
Stlth  +.........               (no amulet)
                                (no ring)
                                o - ring of protection from fire

@: brilliant, flying, rotting, slowed, very slow
A: rotting body, claws 1, carnivore 3, cold resistance 1, negative energy
resistance 3, slow regeneration 1, torment resistance, unbreathing
a: Depart the Abyss, Renounce Religion


You were on level 2 of the Dungeon.
You worshipped Lugonu.
Lugonu was aware of your devotion.
You were not hungry.

You visited 1 branch of the dungeon, and saw 2 of its levels.
You visited the Abyss 1 time.

You collected 82 gold pieces.

Inventory:

Hand Weapons
 a - a +1 hand axe (weapon)
 j - a +0 battleaxe
Armour
 b - a +0 leather armour (worn)
Jewellery
 o - a ring of protection from fire (left claw)
Scrolls
 d - 2 scrolls of identify
 k - a scroll of remove curse {unknown}
 n - a scroll of noise {unknown}
Potions
 e - a potion of flight
Comestibles
 c - 2 meat rations
 g - a beef jerky
 h - 4 chunks of flesh
 l - a slice of pizza


   Skills:
 + Level 4.0 Fighting
 + Level 2.3 Axes
 * Level 2.7 Armour
 + Level 1.0 Dodging
 * Level 2.6 Invocations


You had 3 spell levels left.
You didn't know any spells.

Dungeon Overview and Level Annotations

Branches:
Dungeon (2/15)

Altars:

Annotations:
D:2 Natasha


Innate Abilities, Weirdness & Mutations

Your body is rotting away.
You thrive on raw meat.
You are immune to poison.
You have sharp fingernails.
You are carnivorous and can eat meat at any time.
Your flesh is cold resistant. (rC+)
You are immune to negative energy. (rN+++)
You regenerate slowly when monsters are visible.
You are immune to unholy pain and torment.
You can survive without breathing.


Message History

Natasha stares at you and mumbles some strange words.
The magic dart hits you!
Unknown command.
It was a potion of flight.
You feel very buoyant.
You fly up into the air.
The bat hits you but does no damage. Natasha closely misses you.
Natasha claws you.
* * * LOW HITPOINT WARNING * * *
Unknown command.
It was a potion of degeneration.
There was something very wrong with that liquid.
You feel weakened.
You feel dopey.
You feel clumsy. Natasha claws you.
* * * LOW HITPOINT WARNING * * *
The bat barely misses you.
It was a potion of brilliance.
You feel clever all of a sudden. The bat barely misses you.
Natasha claws you but does no damage. Natasha claws you!
You die...

#######........#.#......
##.<...........#.#.#.....
....÷.÷.................
##.............#.# ...
#######........#.. ....
#...######.# #... #...#
#.##.. #######...# #.#5#
......#...# #@h#
......##.## #.## #
......##.# #b# ..
......##.#######.## ..#
......#.....>..##.## [.
.................#.###.#
......########.#.......#
......# #......)##.#
......# #.....#.#


You could see an iron imp, Natasha and a bat.

Vanquished Creatures
  A gnoll (D:1)
  2 dart slugs (D:1)
  2 ball pythons
  3 giant cockroaches (D:1)
  2 goblins (D:1)
  2 hobgoblins (D:1)
  4 bats
  2 frilled lizards (D:1)
  3 kobolds (D:1)
  A rat (D:1)
22 creatures vanquished.

Vanquished Creatures (collateral kills)
  Terence (D:2)
  Natasha (D:2)
  An adder (D:2)
  A goblin (D:2)
  A hobgoblin (D:2)
  A bat (D:2)
6 creatures vanquished.

Vanquished Creatures (others)
  A lurking horror (Abyss:2)
  2 starspawn tentacles (Abyss:2)
3 creatures vanquished.

Grand Total: 31 creatures vanquished

Notes
Turn   | Place    | Note
-------+----------+-------------------------------------------
     0 | Abyss:1  | Gargoyl the Ghoul Abyssal Knight began the quest for the Orb.
     0 | Abyss:1  | Reached XP level 1. HP: 19/19 MP: 1/1
   135 | Abyss:2  | Noticed a spatial vortex
   143 | Abyss:2  | Noticed a tentacled starspawn
   145 | Abyss:2  | Noticed a chaos spawn
   155 | Abyss:2  | Noticed a thrashing horror
   158 | D:1      | Escaped the Abyss
   269 | D:1      | Reached * piety under Lugonu
   290 | D:1      | Reached XP level 2. HP: 23/25 MP: 2/2
   527 | D:1      | Reached XP level 3. HP: 10/33 MP: 3/3
  1173 | D:2      | Noticed Terence
  1183 | D:2      | Killed Terence
  1183 | D:2      | Reached skill level 4 in Fighting
  1183 | D:2      | Reached XP level 4. HP: 31/40 MP: 4/4
  1185 | D:2      | Reached skill level 1 in Dodging
  1240 | D:2      | Noticed Natasha
  1248 | D:2      | Killed Natasha
  1322 | D:2      | Noticed Natasha
  1463 | D:2      | HP: 2/40 [Natasha (6)]
  1464 | D:2      | Slain by Natasha

Skill      XL: |  1  2  3  4 |
---------------+-------------+-----
Armour         | 2 |  2.7
Axes           | 2 |  2.3
Fighting       | 4 |  4.0
Dodging        | 1 |  1.0
Invocations    | |  2.6

Action                   |  1- 3 |  4- 6 || total
-------------------------+-------+-------++-------
Melee: Hand axe          |    86 |    15 ||   101
Invok: Depart the Abyss  |     1 |       ||     1
Evoke: Box of beasts     |     2 |     1 ||     3
  Use: Potion            |       |     3 ||     3
       Scroll            |       |     2 ||     2
  Eat: Chunk             |     6 |     4 ||    10
Armor: Leather armour    |    40 |    14 ||    54
Dodge: Dodged            |    61 |    23 ||    84
